 Dungeon Crawl Stone Soup version 0.19.1 (webtiles) character file.

223 Nakatomy the Magician (level 5, -3/28 HPs)
             Began as a Deep Elf Fire Elementalist on Dec 23, 2016.
             Slain by a gnoll
             ... wielding a +0 flail of venom
              (11 damage)
             ... on level 3 of the Dungeon.
             The game lasted 00:12:09 (3023 turns).

Nakatomy the Magician (Deep Elf Fire Elementalist)  Turns: 3023, Time: 00:12:09

Health: -3/28      AC:  3    Str:  5    XL:     5   Next: 66%
Magic:  15/15      EV: 18    Int: 21    God:
Gold:   122        SH:  0    Dex: 20    Spells: 3 memorised, 9 levels left

rFire  . . .     SeeInvis .     e - +0 dagger (drain)
rCold  . . .     Gourm    .     a - +0 robe
rNeg   . . .     Faith    .     (no shield)
rPois  .         Spirit   .     (no helmet)
rElec  .         Reflect  .     f - +0 cloak
rCorr  +         Harm     .     (no gloves)
MR     .....                    (no boots)
Stlth  ++........               (no amulet)
                                (no ring)
                                m - ring of resist corrosion

@: confused, agile, lethally poisoned (-3 -> -11)
A: no striking features
a: no special abilities


You were on level 3 of the Dungeon.
You were not hungry.

You visited 1 branch of the dungeon, and saw 3 of its levels.

You collected 122 gold pieces.

Inventory:

Hand Weapons
 e - a +0 dagger of draining (weapon)
Armour
 a - a +0 robe (worn)
 f - a +0 cloak (worn)
Jewellery
 m - a ring of resist corrosion (left hand)
Scrolls
 h - 3 scrolls of identify {unknown}
 i - a scroll of teleportation {unknown}
 j - 3 scrolls of immolation {unknown}
 n - a scroll of fog {unknown}
 s - a scroll of magic mapping {unknown}
Potions
 d - a potion of agility
 g - a potion of haste {unknown}
 k - a potion of ambrosia
 l - a potion of might {unknown}
 o - a potion of berserk rage {unknown}
 r - a potion of curing {unknown}
Books
 b - a book of Flames

   Spells                             Type                      Level
   a - Flame Tongue                   Conjuration/Fire             1
   b - Throw Flame                    Conjuration/Fire             2
   c - Conjure Flame                  Conjuration/Fire             3
   d - Inner Flame                    Hexes/Fire                   3
   e - Sticky Flame                   Conjuration/Fire             4
   f - Fireball                       Conjuration/Fire             5
Comestibles
 c - a bread ration
 p - a meat ration
 q - 6 chunks of flesh


   Skills:
 - Level 2.4 Dodging
 - Level 2.4 Stealth
 + Level 5.7 Spellcasting
 - Level 2.3 Conjurations
 + Level 5.2 Fire Magic


You had 9 spell levels left.
You knew the following spells:

 Your Spells              Type           Power        Failure   Level  Hunger
a - Flame Tongue          Conj/Fire      ###..        1%          1    None
b - Throw Flame           Conj/Fire      ###...       3%          2    None
c - Conjure Flame         Conj/Fire      ###.....     10%         3    ##.....


Dungeon Overview and Level Annotations

Branches:
Dungeon (3/15)

Altars:
Gozag


Message History

The hobgoblin shouts!
You feel sick. The hobgoblin barely misses you.
You feel sick.
You feel sick.
You feel sick.
You are no longer poisoned.
The gnoll hits you with a flail of venom.
* * * LOW HITPOINT WARNING * * *
You are lethally poisoned!
It was a potion of ambrosia.
You are confused.
You feel invigorated.
* * * LOW HITPOINT WARNING * * *
You feel sick.
It was a potion of agility.
You feel agile all of a sudden.
* * * LOW HITPOINT WARNING * * *
You feel sick.
The gnoll hits you with a flail of venom!
You die...

...)# #.....# #........#
....## ###.### ##.....#.#
.....# #.# ##......#
.....#####.# ##.#####
...........##### ###.######
.....#######...###)......)..
.#.#.######.....##.#..#.###.
)..)..).........##.#..#.##
.#.##.###.......@g.......# #
.#........#....###g##.#..##.#
...##.###...#### #.##.#......
...##.# #...# #..........#
......# #...# ####...####
...#### #...# ##.....## ...#
#...#######g......# ...#
#...#...#.........#
..#######...#...#.#.......#


You could see a gnoll and a hobgoblin.

Vanquished Creatures
  Ijyb (D:1)
  Natasha (D:2)
  2 gnolls (D:3)
  4 adders
  An ooze (D:1)
  6 worms
  2 dart slugs (D:1)
  4 leopard geckos
  4 orcs (D:3)
  5 bats
  7 giant cockroaches
  12 goblins
  8 hobgoblins
  4 jackals (D:1)
  8 kobolds
  4 quokkas
  5 frilled lizards
  5 rats
83 creatures vanquished.

Notes
Turn   | Place    | Note
-------+----------+-------------------------------------------
     0 | D:1      | Nakatomy the Deep Elf Fire Elementalist began the quest for the Orb.
     0 | D:1      | Reached XP level 1. HP: 10/10 MP: 6/6
    58 | D:1      | Reached XP level 2. HP: 15/15 MP: 4/8
    62 | D:1      | Learned a level 2 spell: Throw Flame
   635 | D:1      | Reached XP level 3. HP: 19/19 MP: 8/10
   640 | D:1      | Learned a level 3 spell: Conjure Flame
  1636 | D:2      | Found an opulent altar of Gozag.
  1675 | D:2      | Noticed Ijyb
  1680 | D:2      | Noticed Natasha
  1691 | D:2      | Reached XP level 4. HP: 24/24 MP: 3/12
  1700 | D:1      | Killed Ijyb
  2304 | D:2      | Killed Natasha
  2304 | D:2      | Reached skill level 5 in Spellcasting
  2304 | D:2      | Reached XP level 5. HP: 28/28 MP: 5/14
  2691 | D:3      | Reached skill level 5 in Fire Magic
  3023 | D:3      | Slain by a gnoll

Skill      XL: |  1  2  3  4  5 |
---------------+----------------+-----
Conjurations   | 2 |  2.3
Fire Magic     | 4 5 |  5.2
Spellcasting   | 4 5 |  5.7
Dodging        | |  2.4
Stealth        | |  2.4

Action                   |  1- 3 |  4- 6 || total
-------------------------+-------+-------++-------
Melee: Dagger            |    12 |     5 ||    17
 Cast: Flame Tongue      |    69 |    89 ||   158
       Throw Flame       |     9 |     1 ||    10
  Use: Potion            |       |     2 ||     2
  Eat: Chunk             |     2 |     4 ||     6
Armor: Robe              |    13 |     6 ||    19
Dodge: Dodged            |    24 |    19 ||    43
